AoeStats
← SunshinePuma83

Arena

509918663Analyzed
2v2 RM · 4d ago on Sep 28, 2026· 70m 1s· 4 players
Game mode
Random Map
Map size
Medium (4 player)
Population
200
Speed
Normal
Resources
Standard
Victory
Conquest
Starting age
Dark Age
Ending age
Imperial Age
RankedLock teamsTeams togetherTeam positionsShared explorationLock speedFull tech treeHidden civsTurbo modeCheats
Victory
Defeat
🇪🇸 Magyars · Spain
429
+18
🇸🇪 Byzantines · Sweden
418
+18
🇮🇹 Goths · Italy
575
-22
🇹🇷 Persians · Türkiye
372
-14
Generalen95
10:36 Feudal Age
11:46 Horse Collar
11:57 Double-Bit Axe
12:57 Wheelbarrow
21:12 Castle Age
23:29 Husbandry
30:50 Bow Saw
31:46 Squires
32:06 Heavy Plow
34:12 Gambesons
34:12 Arson
33:49 Pikeman
38:22 Imperial Age
37:34 Hand Cart
37:28 Stone Mining
38:20 Scale Barding Armor
40:38 Chemistry
39:55 Halberdier
40:01 Cavalier
42:14 Conscription
43:54 Two-Man Saw
44:59 Bombard Tower
47:57 Fortified Wall
48:12 Chain Barding Armor
47:54 Scale Mail Armor
47:55 Padded Archer Armor
47:46 Fletching
48:07 Forging
50:00 Paladin
56:15 Plate Barding Armor
56:17 Iron Casting
55:57 Chain Mail Armor
63:53 Capped Ram
65:26 Gold Mining
66:12 Stone Shaft Mining
66:23 Plate Mail Armor
66:10 Leather Archer Armor
65:51 Bodkin Arrow
67:53 Siege Ram
MazingerPeta512
11:07 Feudal Age
12:25 Double-Bit Axe
21:41 Castle Age
21:24 Scale Barding Armor
21:20 Padded Archer Armor
21:11 Fletching
22:44 Town Watch
29:12 Chain Barding Armor
29:10 Leather Archer Armor
28:57 Bodkin Arrow
31:50 Imperial Age
30:37 Ballistics
32:23 Town Patrol
33:03 Wheelbarrow
33:35 Chemistry
33:11 Parthian Tactics
32:52 Thumb Ring
34:48 Plate Barding Armor
35:34 Hand Cart
36:07 Heavy Cavalry Archer
37:35 Ring Archer Armor
37:40 Recurve Bow
37:47 Corvinian Army
39:40 Conscription
43:07 Elite Magyar Huszar
44:03 Bracer
44:20 Bow Saw
44:05 Gold Mining
43:59 Horse Collar
50:28 Gold Shaft Mining
51:04 Two-Man Saw
52:27 Husbandry
52:38 Bloodlines
51:51 Cavalier
59:00 Paladin
mrmarcozope
3:04 Loom
10:57 Feudal Age
11:45 Horse Collar
11:35 Man-at-Arms
12:32 Double-Bit Axe
14:51 Wheelbarrow
16:04 Scale Mail Armor
16:15 Forging
25:21 Castle Age
23:41 Gold Mining
26:43 Heavy Plow
26:57 Bow Saw
26:40 Pikeman
31:14 Iron Casting
33:28 Anarchy
39:38 Imperial Age
40:00 Halberdier
41:45 Hand Cart
42:05 Chain Mail Armor
45:17 Blast Furnace
48:57 Perfusion
50:06 Squires
54:16 Elite Huskarl
60:09 Ballistics
SunshinePuma83
8:16 Feudal Age
9:29 Double-Bit Axe
9:29 Horse Collar
10:28 Wheelbarrow
21:32 Castle Age
22:00 Heavy Plow
22:14 Bow Saw
21:57 Gold Mining
21:57 Stone Mining
26:15 Gold Shaft Mining
27:43 Crossbowman
28:29 Thumb Ring
30:45 Hand Cart
31:43 Stone Shaft Mining
32:25 Kamandaran
38:00 Imperial Age
36:44 Forging
36:25 Fletching
38:58 Scale Barding Armor
39:29 Iron Casting
43:57 Conscription
49:14 Elite War Elephant
53:47 Heavy Scorpion
56:40 Bodkin Arrow
57:45 Blast Furnace
57:28 Light Cavalry
58:33 Bloodlines
59:39 Chain Barding Armor
64:51 Plate Barding Armor
63:48 Hussar
Connection lost

Rejoining the realm…

Still unreachable

The connection could not be restored.

Session expired

The server has moved on; the page needs a fresh start.